 Dungeon Crawl Stone Soup version 0.25-b1-37-g2669288c55 (webtiles) character file.

Game seed: 14968847212448328347

120386 Chiseanne the Thaumaturge (level 16, -9/124 HPs)
             Began as a Demonspawn Wizard on June 4, 2020.
             Was the Champion of Vehumet.
             Hit by a javelin thrown by a merfolk javelineer (13 damage)
             ... on level 4 of the Shoals on June 6, 2020.
             The game lasted 02:57:09 (34913 turns).

Chiseanne the Thaumaturge (Demonspawn Wizard)      Turns: 34913, Time: 02:57:09

Health: -9/124     AC: 15    Str: 11    XL:     16   Next: 30%
Magic:  0/34       EV: 17    Int: 24    God:    Vehumet [******]
Gold:   48         SH:  6    Dex: 11    Spells: 6/44 levels left

rFire    + . .     SeeInvis .   a - +5 dagger (venom)
rCold    + + .     Gourm    .   E - +1 buckler
rNeg     . . .     Faith    .   L - +2 robe {rC+ rF+}
rPois    +         Spirit   +   (helmet unavailable)
rElec    .         Reflect  .   B - +1 cloak {rPois}
rCorr    +         Harm     .   A - +0 pair of gloves
MR       ++...                  g - +2 pair of boots
Stlth    ++........             v - amulet of regeneration
HPRegen  0.70/turn              w - +4 ring of protection
MPRegen  0.48/turn              D - ring of resist corrosion

@: very slightly contaminated, lightly drained, invisible
A: horns 3, cold resistance 1, magic resistance 1, augmentation 1, magic shield,
magic regeneration, freezing cloud immunity, sturdy frame 3
a: Renounce Religion


You were on level 4 of the Shoals.
You worshipped Vehumet.
Vehumet was exalted by your worship.
You were not hungry.

You visited 6 branches of the dungeon, and saw 29 of its levels.
You visited the Abyss 1 time.

You collected 2332 gold pieces.
You spent 2284 gold pieces at shops.

Inventory:

Hand Weapons
 a - a +5 dagger of venom (weapon)
 d - a +2 scimitar of flaming
 m - a +5 quick blade
 s - the +7 mace of Extremism {protect, rC+}
   (You found it on level 3 of the Lair of Beasts)

   It grants its wielder temporary protection when it strikes (+7 to AC).
   It protects you from cold.
 I - the +9 flail "Dumokoas" {vamp, rC+ Int+4}
   (You took it off a merfolk on level 2 of the Shoals)

   It inflicts no extra harm, but heals its wielder when it wounds a living foe.
   It affects your intelligence (+4).
   It protects you from cold.
Missiles
 l - 4 boomerangs of dispersal
 z - 5 curare-tipped darts (quivered)
 Y - 9 throwing nets
Armour
 g - a +2 pair of boots (worn)
 A - a +0 pair of gloves (worn)
 B - a +1 cloak of poison resistance (worn)
 E - a +1 buckler (worn)
 L - a +2 robe of resistance (worn)
Magical Staves
 x - an uncursed staff of energy
 y - an uncursed staff of wizardry
Jewellery
 p - a +6 ring of dexterity {unknown}
 t - a +4 ring of protection
 v - an amulet of regeneration (around neck)
 w - a +4 ring of protection (left hand)
 C - an uncursed ring of flight
 D - a ring of resist corrosion (right hand)
Wands
 F - a wand of digging (7)
 G - a wand of disintegration (10)
 P - a wand of flame (18)
 Q - a wand of enslavement (6)
 W - a wand of paralysis (18)
Scrolls
 c - 3 scrolls of teleportation
 f - 2 scrolls of fear
 h - 15 scrolls of remove curse
 k - 4 scrolls of magic mapping
 r - a scroll of fog
 K - 5 scrolls of immolation
 V - 7 scrolls of identify
Potions
 e - 4 potions of cancellation
 n - 11 potions of curing
 q - 8 potions of flight
 J - 2 potions of resistance
 N - 4 potions of might
Miscellaneous
 u - a lightning rod (4/4)
 M - a phial of floods
Comestibles
 i - 31 rations
 o - 4 chunks of flesh


   Skills:
 - Level 10.8(10.6) Fighting
 - Level 5.0(4.8) Armour
 - Level 10.8(10.6) Dodging
 - Level 1.7(1.6) Stealth
 - Level 5.0(4.8) Shields
 - Level 14.9(14.8) Spellcasting
 - Level 11.4(11.3) Conjurations
 * Level 3.9(3.8) Charms
   Level 5.7(5.5) Summonings
 - Level 0.8(0.7) Translocations
 - Level 5.0(4.8) Fire Magic
 - Level 5.0(4.8) Ice Magic
 - Level 5.0(4.8) Air Magic
 - Level 5.0(4.8) Earth Magic
 - Level 5.0(4.8) Evocations


You had 6 spell levels left.
You knew the following spells:

 Your Spells              Type           Power        Failure   Level  Hunger
a - Magic Dart            Conj           ####         1%          1    None
b - Stone Arrow           Conj/Erth      ######       1%          3    None
c - Freezing Cloud        Conj/Ice/Air   ######....   8%          6    ####...
d - Mephitic Cloud        Conj/Pois/Air  #####...     1%          3    None
e - Iskenderun's Battles  Conj/Chrm      ######..     1%          5    ##.....
f - Ignite Poison         Fire/Tmut/Pois ####....     1%          3    None
g - Airstrike             Air            #####.....   1%          4    None
h - Lightning Bolt        Conj/Air       ######....   1%          5    ##.....
i - Blink                 Tloc           N/A          3%          2    None
j - Conjure Ball Lightni  Conj/Air       ######....   5%          6    ####...

Your spell library contained the following spells:

 Spells                   Type           Power        Failure   Level  Hunger
 Sandblast                Erth           #####.       1%          1    None
 Shock                    Conj/Air       ####         1%          1    None
 Call Imp                 Summ           #####...     1%          2    None
 Ensorcelled Hibernation  Hex/Ice        ####..       1%          2    None
 Passwall                 Tmut/Erth      ####....     1%          2    None
 Swiftness                Chrm/Air       #####...     1%          2    None
 Conjure Flame            Conj/Fire      ######..     1%          3    None
 Dazzling Flash           Conj/Hex       #####.       1%          3    None
 Inner Flame              Hex/Fire       ####....     1%          3    None
 Static Discharge         Conj/Air       ######..     1%          3    None
 Recall                   Summ/Tloc      N/A          2%          3    None
 Beastly Appendage        Tmut           ###...       3%          1    None
 Corona                   Hex            ###....      3%          1    None
 Summon Lightning Spire   Summ/Air       #####...     3%          4    None
 Lee's Rapid Deconstruct  Erth           #####.....   3%          5    ##.....
 Slow                     Hex            ###.....     4%          2    None
 Sticks to Snakes         Tmut           ###.....     4%          2    None
 Spectral Weapon          Hex/Chrm       ####....     4%          3    None
 Portal Projectile        Hex/Tloc       ###...       9%          3    None
 Aura of Abjuration       Summ           #####.....   9%          5    ##.....
 Summon Demon             Summ           #####.....   9%          5    ##.....
 Confusing Touch          Hex            ###.....     10%         3    None
 Spider Form              Tmut/Pois      ###.......   10%         3    None
 Tukima's Dance           Hex            ###.....     10%         3    None
 Ice Form                 Ice/Tmut       ####....     12%         4    None
 Leda's Liquefaction      Hex/Erth       ####......   12%         4    None
 Petrify                  Tmut/Erth      ####....     12%         4    None
 Yara's Violent Unravell  Hex/Tmut       ###.......   22%         5    ##.....
 Summon Forest            Summ/Tloc      ####......   24%         5    ##.....
 Summon Mana Viper        Hex/Summ       ####....     28%         5    ##.....
 Cause Fear               Hex            ###.......   32%         4    None
 Silence                  Hex/Air        ####......   32%         5    ##.....
 Shadow Creatures         Summ           N/A          45%         6    ####...
 Blade Hands              Tmut           ###.......   65%         5    ##.....
 Discord                  Hex            ###.......   100%        8    #######


Dungeon Overview and Level Annotations

Branches:
Dungeon (15/15) Temple (1/1) D:6 Lair (6/6) D:11 Shoals (4/4) Lair:2 Spider (0/4) Lair:2 Slime (0/5) Lair:6 Orc (2/2) D:12 Elf (0/3) Orc:2 Vaults (0/5) D:12 D:13 Depths (1/5) D:15

Altars:
Ashenzari
Cheibriados
Elyvilon
Fedhas
Gozag
Hepliaklqana
Kikubaaqudgha
Makhleb
Nemelex Xobeh
Okawaru
Qazlal
Ru
Sif Muna
Uskayaw
Vehumet
Wu Jian
Xom
Yredelemnul
Zin
The Shining One

Shops:
D:8 %   D:12 :   D:13 *   Orc:2 (}(?   Shoals:2 *!}

Annotations:
D:1 1 runed translucent door
D:3 exclusions: 2 orc priests and orc wizard
D:4 1 runed translucent door, ajores's ghost, novice OpCK
Shoals:1 2 transporters
Shoals:2 Polyphemus


Innate Abilities, Weirdness & Mutations

You have a pair of large horns on your head.
Your flesh is cold resistant. (rC+)
Your magical and physical power is slightly enhanced at high health.
When hurt, damage is shared between your health and your magic reserves.
You regenerate magic rapidly.
You are immune to freezing clouds.
Your movements are significantly less encumbered by armour. (ER -6)
You are resistant to hostile enchantments. (MR+)


Message History

The merfolk javelineer is almost dead.
The merfolk javelineer throws a javelin.
The javelin pierces through you!
* * * LOW HITPOINT WARNING * * *
The merfolk is engulfed in noxious fumes.
You block the merfolk's attack.
The merfolk javelineer throws a javelin.
The javelin pierces through you!
* * * LOW HITPOINT WARNING * * *
You fade into invisibility!
The merfolk javelineer throws a javelin.
The javelin barely misses you.
The merfolk throws a boomerang.
The weapon returns to the merfolk!
You are very lightly contaminated with residual magic.
You hit the merfolk javelineer.
The merfolk javelineer looks as sick as possible!
The merfolk javelineer is almost dead.
The merfolk javelineer throws a javelin.
The javelin pierces through you!
You die...

≈≈≈#≈≈φ))'≈≈..≈≈≈≈≈..≈≈≈≈≈≈....≈≈
≈≈≈#≈≈††≈#≈≈≈^≈≈≈≈≈..≈≈≈≈≈..≈≈..≈
≈≈≈##≈≈≈##≈≈≈≈(≈≈≈..≈≈≈≈....≈≈≈..
≈≈≈≈#####≈≈≈≈≈≈≈≈≈≈..≈≈≈.....≈≈≈≈
≈≈≈≈≈≈≈≈≈≈≈≈≈≈≈≈≈≈≈............≈≈
≈≈≈≈≈≈≈≈≈≈≈≈≈≈≈≈≈≈........≈≈≈≈≈≈≈
≈≈≈≈≈≈≈≈≈≈≈≈≈≈#####.......≈≈.,≈≈≈
,≈≈≈≈≈≈≈≈≈≈≈≈##.m(##......≈≈≈≈≈≈≈
≈≈≈≈≈≈≈≈≈≈≈≈≈#..@..#......≈≈≈≈≈≈≈
≈≈≈≈≈≈≈≈≈≈≈≈≈#.....m(P..P.≈≈≈≈≈≈≈
≈≈≈≈≈≈≈≈≈≈≈≈≈#....°#......≈≈≈≈≈≈≈
≈≈≈≈≈≈≈≈≈≈≈≈≈##.(.##...P.P≈≈≈≈≈≈≈
≈≈≈≈≈≈≈≈≈≈≈≈≈≈#####≈≈.....≈≈≈≈≈≈≈
≈≈≈≈≈≈≈≈≈≈≈≈≈≈≈≈≈≈≈≈≈P.PP≈≈≈≈≈≈≈≈
≈≈≈≈≈≈≈≈≈≈≈≈≈≈≈≈≈≈≈≈≈≈PEP≈≈≈≈≈≈≈≈
≈≈≈≈≈≈≈≈≈≈≈≈≈≈≈≈≈≈≈≈≈,.≈≈≈≈≈≈≈,≈≈
≈≈≈≈≈≈≈≈≈≈≈≈≈≈≈≈≈≈≈≈≈,,,,≈≈≈≈≈≈≈≈


You could see a merfolk javelineer (extremely poisoned) and a merfolk.

Vanquished Creatures
  Rupert (D:12)
  Kirke (Shoals:2)
  Louise (Shoals:2)
  3 merfolk javelineers
  3 merfolk impalers (Shoals:1)
  Erolcha (D:13)
  A yaktaur captain (D:15)
  An ogre mage (D:15)
  Harold (Orc:1)
  8 hydras
  4 merfolk avatars
  3 catoblepae
  5 centaur warriors
  5 two-headed ogres
  2 merfolk aquamancers
  A deep troll shaman (Lair:6)
  9 death yaks
  A sun demon (Abyss:2)
  An orc high priest (Orc:1)
  2 fire crabs (Shoals:1)
  7 sea snakes
  An unseen horror (D:11)
  5 harpies (Shoals:1)
  3 lindwurms
  4 orc knights
  A wizard (D:14)
  7 ugly things
  2 deep elf magi (D:13)
  7 manticores
  4 fauns
  5 orc sorcerers
  2 cyclopes
  8 elephants
  A black mamba (Lair:5)
  6 merfolk sirens
  3 water nymphs
  A guardian serpent (shapeshifter) (D:13)
  A smoke demon (Abyss:2)
  2 gargoyles (D:12)
  6 torpor snails (Lair:5)
  10 spiny frogs
  Maggie (Lair:2)
  An efreet (D:14)
  4 komodo dragons
  4 rime drakes
  A yaktaur (D:15)
  A kobold demonologist (D:15)
  A tengu conjurer (D:14)
  24 merfolk
  A merfolk (shapeshifter) (D:14)
  4 blink frogs (Lair:4)
  3 meliai (D:13)
  8 trolls
  A wind drake (Shoals:2)
  2 polar bears (Lair:6)
  13 hippogriffs
  18 slime creatures
  A centaur simulacrum (D:15)
  4 snapping turtles
  Sigmund (D:4)
  11 water elementals
  A spriggan (D:12)
  16 wyverns
  3 wraiths
  Grum (D:11)
  2 shadows
  5 basilisks
  2 neqoxecs (Abyss:2)
  32 yaks
  A hungry ghost (D:9)
  3 hogs (Shoals:2)
  17 humans
  A steam dragon (D:11)
  4 vampire mosquitoes (D:12)
  Menkaure (D:7)
  A chaos spawn (Abyss:2)
  6 wargs
  11 water moccasins
  A soldier ant (D:13)
  Edmund (D:6)
  An acid dragon (D:14)
  8 porcupines
  2 hell hounds
  2 small abominations (Abyss:2)
  2 ice beasts
  A hornet zombie (D:10)
  23 orc warriors
  2 black bears
  3 sky beasts
  An eye of draining (D:12)
  15 ogres
  2 phantoms
  2 necrophages (D:9)
  21 wolves
  5 boggarts (D:14)
  10 centaurs
  12 crocodiles
  4 big kobolds
  15 bullfrogs
  2 wyvern zombies
  6 scorpions
  13 killer bees
  5 wights (D:12)
  2 howler monkeys
  7 crimson imps
  6 centaur zombies
  2 bullfrog zombies
  A quasit (D:7)
  4 centaur skeletons
  4 hounds
  36 orc wizards
  28 orc priests
  A bullfrog skeleton (D:6)
  4 jellies
  Crazy Yiuf (D:7)
  4 iguanas
  11 worker ants
  A killer bee zombie (D:7)
  2 hound skeletons (D:4)
  A worker ant zombie (D:11)
  6 adders
  9 gnolls
  5 shadow imps
  4 oozes
  2 adder skeletons
  An adder zombie (D:10)
  3 worms
  3 dart slugs
  3 leopard geckos
  72 orcs
  12 bats
  5 giant cockroaches
  8 goblins
  11 hobgoblins
  10 jackals
  28 kobolds
  3 quokkas
  12 frilled lizards
  A giant cockroach zombie (D:6)
  A leopard gecko zombie (D:7)
  2 quokka skeletons
  6 rats
  A fungus (Lair:1)
  5 plants
838 creatures vanquished.

Vanquished Creatures (collateral kills)
  2 ball lightnings (Shoals:3)
  A snapping turtle (Shoals:2)
  2 water elementals (Shoals:2)
5 creatures vanquished.

Vanquished Creatures (others)
  A merfolk impaler (Shoals:4)
  An ugly thing (D:14)
  22 ball lightnings
  A snapping turtle (Shoals:2)
  A fungus (Lair:6)
  4 plants
  2 withered plants (D:4)
32 creatures vanquished.

Grand Total: 875 creatures vanquished

Notes
Turn   | Place    | Note
-------+----------+-------------------------------------------
     0 | D:1      | Chiseanne the Demonspawn Wizard began the quest for the
                  | Orb.
     0 | D:1      | Reached XP level 1. HP: 13/13 MP: 4/4
     2 | D:1      | Found a runed translucent door.
   327 | D:1      | Gained mutation: When hurt, damage is shared between your
                  | health and your magic reserves. [demonic ancestry]
   327 | D:1      | Reached XP level 2. HP: 19/19 MP: 3/6
   360 | D:1      | Learned a level 2 spell: Blink
  1197 | D:1      | Gained mutation: Your movements are slightly less
                  | encumbered by armour. (ER -2) [demonic ancestry]
  1197 | D:1      | Reached XP level 3. HP: 24/24 MP: 4/8
  1385 | D:1      | Learned a level 3 spell: Mephitic Cloud
  1603 | D:2      | Found a blossoming altar of Fedhas.
  2353 | D:2      | Found a sparkling altar of Nemelex Xobeh.
  2727 | D:3      | Reached XP level 4. HP: 30/30 MP: 7/9
  3109 | D:3      | Found a hazy altar of Hepliaklqana.
  3118 | D:3      | Reached skill level 1 in Air Magic
  3247 | D:3      | Found a snail-covered altar of Cheibriados.
  3554 | D:3      | Found a sacrificial altar of Ru.
  3787 | D:3      | Reached skill level 4 in Spellcasting
  3888 | D:3      | Found a stormy altar of Qazlal.
  4109 | D:4      | Reached XP level 5. HP: 30/35 MP: 6/11
  4225 | D:4      | Noticed Sigmund
  4445 | D:4      | Killed Sigmund
  4445 | D:4      | Reached XP level 6. HP: 32/41 MP: 5/13
  4758 | D:4      | Found a runed translucent door.
  4758 | D:4      | Noticed ajores's ghost (novice OpCK)
  4788 | D:4      | Found an iron altar of Okawaru.
  4897 | D:4      | Found a blossoming altar of Fedhas.
  5387 | D:5      | Entered Level 5 of the Dungeon
  5735 | D:6      | Found a staircase to the Ecumenical Temple.
  5742 | Temple   | Entered the Ecumenical Temple
  5841 | Temple   | Became a worshipper of Vehumet
  5866 | D:6      | Noticed Edmund
  5876 | D:6      | Killed Edmund
  5876 | D:6      | Reached skill level 5 in Spellcasting
  5876 | D:6      | Gained mutation: Your flesh is cold resistant. (rC+)
                  | [demonic ancestry]
  5876 | D:6      | Reached XP level 7. HP: 46/46 MP: 11/14
  6309 | D:6      | Reached skill level 5 in Conjurations
  6895 | D:6      | Gained mutation: Your movements are less encumbered by
                  | armour. (ER -4) [demonic ancestry]
  6895 | D:6      | Reached XP level 8. HP: 42/52 MP: 2/16
  7330 | D:7      | Reached * piety under Vehumet
  7330 | D:7      | Offered knowledge of Sandblast by Vehumet.
  7407 | D:7      | Noticed Menkaure
  7427 | D:7      | Killed Menkaure
  7427 | D:7      | Reached skill level 1 in Armour
  7427 | D:7      | Reached skill level 6 in Spellcasting
  7797 | D:7      | Reached skill level 5 in Air Magic
  8183 | D:7      | Found a runed translucent door.
  8184 | D:7      | Noticed Crazy Yiuf
  8268 | D:7      | Killed Crazy Yiuf
  8465 | D:8      | Reached skill level 1 in Fighting
  8618 | D:8      | Found Caxtarir's Food Boutique.
  8767 | D:8      | Gained mutation: You have a pair of small horns on your
                  | head. [demonic ancestry]
  8767 | D:8      | Reached XP level 9. HP: 61/61 MP: 9/19
  9738 | D:9      | Reached skill level 7 in Spellcasting
  9878 | D:9      | Reached ** piety under Vehumet
  9878 | D:9      | Offered knowledge of Shock by Vehumet.
 10384 | D:9      | Noticed a troll
 10403 | D:9      | Killed a troll
 10508 | D:9      | Noticed a troll
 10535 | D:9      | Killed a troll
 10925 | D:9      | Gained mutation: You have a pair of horns on your head.
                  | [demonic ancestry]
 10925 | D:9      | Reached XP level 10. HP: 68/73 MP: 10/21
 11116 | D:10     | Entered Level 10 of the Dungeon
 11126 | D:10     | Found a sparkling altar of Nemelex Xobeh.
 11138 | D:10     | Learned a level 4 spell: Airstrike
 11196 | D:10     | Reached skill level 5 in Armour
 11313 | D:10     | Reached skill level 5 in Fighting
 11323 | D:10     | Offered knowledge of Inner Flame by Vehumet.
 11323 | D:10     | Reached skill level 5 in Dodging
 11361 | D:10     | Reached skill level 8 in Spellcasting
 11462 | D:10     | Noticed a two-headed ogre
 11498 | D:10     | Killed a two-headed ogre
 11498 | D:10     | Reached *** piety under Vehumet
 11498 | D:10     | Reached skill level 1 in Evocations
 12271 | D:11     | Offered knowledge of Stone Arrow by Vehumet.
 12356 | D:11     | Learned a level 3 spell: Stone Arrow
 12381 | D:11     | Noticed a death yak
 12424 | D:11     | Killed a death yak
 13192 | D:11     | Noticed Grum
 13219 | D:11     | Killed Grum
 13222 | D:11     | Reached **** piety under Vehumet
 13239 | D:11     | Killed an unseen horror
 13239 | D:11     | Gained mutation: You regenerate magic rapidly. [demonic
                  | ancestry]
 13239 | D:11     | Reached XP level 11. HP: 61/83 MP: 4/23
 13330 | D:11     | Offered knowledge of Ignite Poison by Vehumet.
 13332 | D:11     | Reached skill level 9 in Spellcasting
 13332 | D:11     | Noticed a death yak
 13386 | D:11     | Identified a scroll of acquirement
 13393 | D:11     | Learned a level 3 spell: Ignite Poison
 13399 | D:11     | Learned a level 5 spell: Lightning Bolt
 13640 | D:11     | Noticed a death yak
 13763 | D:11     | Found a staircase to the Lair.
 13828 | D:12     | Noticed a white ugly thing
 13852 | Lair:1   | Entered Level 1 of the Lair of Beasts
 14259 | Lair:1   | Got smoking steam dragon scales
 14266 | Lair:1   | Identified the cursed +0 steam dragon scales "Vicuomuc"
                  | {rElec Str+2 Slay-2} (You found it on level 1 of the Lair
                  | of Beasts)
 14678 | Lair:2   | Found a glowing silver altar of Zin.
 14855 | Lair:2   | Found a staircase to the Shoals.
 14864 | Lair:2   | Reached skill level 5 in Evocations
 15088 | Lair:2   | Found a hole to the Spider Nest.
 15279 | Lair:2   | Noticed Maggie
 15299 | Lair:2   | Killed Maggie
 15776 | Lair:3   | Reached ***** piety under Vehumet
 15972 | Lair:3   | Reached skill level 10 in Spellcasting
 16067 | Lair:3   | Offered knowledge of Ozocubu's Refrigeration by Vehumet.
 16435 | Lair:3   | Noticed an eight-headed hydra
 16441 | Lair:3   | Killed an eight-headed hydra
 16441 | Lair:3   | Reached XP level 12. HP: 63/94 MP: 8/26
 16672 | Lair:3   | Got a smouldering mace
 18137 | Lair:5   | Noticed a six-headed hydra
 18149 | Lair:5   | Killed a six-headed hydra
 18575 | Lair:5   | Reached skill level 11 in Spellcasting
 18613 | Lair:5   | Reached skill level 10 in Fighting
 18639 | Lair:5   | Found a snail-covered altar of Cheibriados.
 18791 | Lair:6   | Entered Level 6 of the Lair of Beasts
 19025 | Lair:6   | Found a staircase to the Slime Pits.
 19718 | Lair:6   | Reached skill level 10 in Dodging
 19718 | Lair:6   | Gained mutation: You have a pair of large horns on your
                  | head. [demonic ancestry]
 19718 | Lair:6   | Reached XP level 13. HP: 77/104 MP: 11/28
 20322 | Lair:6   | Reached skill level 1 in Earth Magic
 20462 | Lair:6   | Reached skill level 12 in Spellcasting
 20501 | Lair:6   | Identified the Grimoire of the Oath and the Birds
 20510 | Lair:6   | Identified the +7 mace of Extremism {protect, rC+} (You
                  | found it on level 3 of the Lair of Beasts)
 21031 | Lair:6   | Offered knowledge of Freezing Cloud by Vehumet.
 21039 | Lair:6   | Learned a level 6 spell: Freezing Cloud
 21386 | D:11     | Reached skill level 1 in Ice Magic
 21797 | D:12     | Found a staircase to the Orcish Mines.
 21922 | D:12     | Found Mubboele's Book Emporium.
 22503 | D:12     | Reached skill level 1 in Fire Magic
 22666 | D:13     | Found a gate to the Vaults.
 22666 | D:13     | Noticed Rupert
 22672 | D:12     | Reached skill level 5 in Earth Magic
 22704 | D:13     | HP: 1/105 [centaur warrior/arrow (17)]
 23065 | D:13     | Paralysed by Rupert for 5 turns
 23405 | D:13     | Gained mutation: Your magical and physical power is
                  | slightly enhanced at high health. [demonic ancestry]
 23405 | D:13     | Reached XP level 14. HP: 111/111 MP: 11/30
 23450 | D:13     | Noticed Erolcha
 23460 | D:13     | Killed Erolcha
 23581 | D:13     | Found Ekias's General Store.
 23596 | D:13     | Reached skill level 5 in Ice Magic
 23640 | D:13     | Offered knowledge of Orb of Destruction by Vehumet.
 23666 | D:13     | Reached skill level 5 in Fire Magic
 23886 | D:13     | Bought a scroll of magic mapping for 59 gold pieces
 23886 | D:13     | Bought a potion of haste for 170 gold pieces
 24226 | D:13     | Got a jewelled scale mail
 24717 | D:14     | Reached skill level 13 in Spellcasting
 24962 | D:14     | Cast into level 2 of the Abyss (a wizard)
 24996 | Abyss:2  | Noticed a bone dragon
 25008 | Abyss:2  | Found a corrupted altar of Lugonu.
 25126 | Abyss:2  | Gained mutation: Armour fits poorly on your strangely
                  | shaped body. [a neqoxec]
 25147 | Abyss:2  | Noticed an Executioner
 25174 | Abyss:2  | Gained mutation: Scrolls take you a little longer to read.
                  | [a neqoxec]
 25223 | Abyss:2  | Noticed a lich
 25292 | D:14     | Escaped the Abyss
 25434 | Orc:1    | Entered Level 1 of the Orcish Mines
 25648 | D:12     | Paralysed by Rupert for 4 turns
 25657 | D:12     | Killed Rupert
 25664 | D:12     | Lost mutation: Armour fits poorly on your strangely shaped
                  | body. [potion of mutation]
 25664 | D:12     | Lost mutation: Scrolls take you a little longer to read.
                  | [potion of mutation]
 25664 | D:12     | Gained mutation: Your magical capacity is very low. (-20%
                  | MP) [potion of mutation]
 25664 | D:12     | Lost mutation: Your magical capacity is very low. (-20% MP)
                  | [potion of mutation]
 25664 | D:12     | Gained mutation: You are resistant to hostile enchantments.
                  | (MR+) [potion of mutation]
 25804 | Orc:1    | Offered knowledge of Spellforged Servitor by Vehumet.
 25872 | Orc:1    | Reached skill level 14 in Spellcasting
 25984 | Orc:1    | Noticed Harold
 26005 | Orc:1    | Killed Harold
 26418 | Orc:2    | Entered Level 2 of the Orcish Mines
 26521 | Orc:2    | Found a staircase to the Elven Halls.
 26768 | Orc:2    | Identified the +6 scale mail of Defiance {rElec Stlth+}
                  | (You found it on level 13 of the Dungeon)
 27914 | Orc:2    | Found Sem Xe Sale's Antique Weapon Boutique.
 27914 | Orc:2    | Found Viehau's Magic Scroll Shop.
 27914 | Orc:2    | Found Yneh's Weapon Shop.
 27926 | Orc:2    | Found Waeziyts's Gadget Boutique.
 27933 | Orc:2    | Bought a scroll of identify for 22 gold pieces
 27933 | Orc:2    | Bought a scroll of teleportation for 33 gold pieces
 27933 | Orc:2    | Bought a scroll of summoning for 104 gold pieces
 27933 | Orc:2    | Bought a scroll of magic mapping for 38 gold pieces
 27933 | Orc:2    | Bought a scroll of identify for 22 gold pieces
 27933 | Orc:2    | Bought a scroll of identify for 22 gold pieces
 27935 | Orc:2    | Bought an iridescent flail for 280 gold pieces
 27936 | Orc:2    | Identified the +10 flail "Enliumm" {antimagic, +Blink rElec
                  | rC++ Int-3} (You bought it in a shop on level 2 of the
                  | Orcish Mines)
 28140 | D:14     | Gained mutation: You are immune to freezing clouds.
                  | [demonic ancestry]
 28140 | D:14     | Reached XP level 15. HP: 109/117 MP: 18/33
 28489 | D:14     | Learned a level 7 spell: Spellforged Servitor
 28683 | D:14     | Reached skill level 1 in Shields
 28689 | D:14     | Reached ****** piety under Vehumet
 28799 | D:14     | Offered knowledge of Conjure Ball Lightning by Vehumet.
 28808 | D:14     | Learned a level 6 spell: Conjure Ball Lightning
 29153 | D:15     | Entered Level 15 of the Dungeon
 29684 | D:15     | Reached skill level 5 in Shields
 30125 | D:15     | Found a staircase to the Depths.
 30744 | Shoals:1 | Entered Level 1 of the Shoals
 31643 | Shoals:1 | Found a transporter.
 31685 | Shoals:1 | Reached skill level 5 in Summonings
 31806 | Shoals:1 | Found a transporter.
 31876 | Shoals:2 | Noticed Louise
 31974 | Shoals:2 | Noticed Kirke
 31977 | Shoals:2 | Found Fuaro's Gadget Emporium.
 32058 | Shoals:2 | Noticed Polyphemus
 32652 | Shoals:2 | Noticed a sphinx
 32655 | Shoals:2 | Killed Kirke
 32703 | Shoals:2 | Found Lupiqa's Assorted Antiques.
 32712 | Shoals:2 | Bought a scroll of acquirement for 1352 gold pieces
 32712 | Shoals:2 | Bought a notched bronze ring for 130 gold pieces
 32712 | Shoals:2 | Bought a scroll of fog for 52 gold pieces
 32923 | Shoals:2 | Found Sumpyrr's Distillery.
 33040 | Shoals:2 | Offered knowledge of Iskenderun's Battlesphere by Vehumet.
 33040 | Shoals:2 | Reached skill level 10 in Conjurations
 33624 | D:15     | Learned a level 5 spell: Iskenderun's Battlesphere
 33626 | D:15     | Learned a level 1 spell: Magic Dart
 33628 | Depths:1 | Entered Level 1 of the Depths
 33856 | Shoals:1 | Gained mutation: Your movements are significantly less
                  | encumbered by armour. (ER -6) [demonic ancestry]
 33856 | Shoals:1 | Reached XP level 16. HP: 69/124 MP: 8/34
 34212 | Shoals:2 | Identified the +9 flail "Dumokoas" {vamp, rC+ Int+4}
 34472 | Shoals:2 | Killed Louise
 34638 | Shoals:2 | Reached skill level 1 in Charms
 34676 | Shoals:4 | Entered Level 4 of the Shoals
 34911 | Shoals:4 | HP: 2/124 [merfolk javelineer/javelin (9)]
 34913 | Shoals:4 | Hit by a javelin thrown by a merfolk javelineer

Illustrated notes

Levels and vault maps discovered:
D:1:      dpeg_arrival_caged_fury, layout_basic, hex_tiny
D:2:      layout_basic, nemelex_altar_shiori, fedhas_altar_2
D:3:      layout_basic, lemuel_coloured_pillars_altar, lemuel_doored_altar,
          nicolae_overflow_crystal_walls, lemuel_crystal_altar, first_ration
D:4:      layout_loops_corners, lemuel_round_altar, gammafunk_ghost_grave,
          okawaru_ov_weapons_minmay, uniq_sigmund
D:5:      layout_layer_cave, uniq_prince_ribbit1
D:6:      layout_gridville, minmay_temple_entry_gardened_gates,
          chequers_serial_rivers_marsh, uniq_edmund
D:7:      corexii_shack_village, layout_basic, chequers_jeans, uniq_menkaure,
          uniq_crazy_yiuf_cottage
D:8:      layout_basic, serial_shops, shop
D:9:      layout_basic
D:10:     layout_rooms, basic_altar
D:11:     layout_basic, dpeg_lair_monsters, uniq_grum
D:12:     layout_roguey, erik_orc_4, serial_shops, kennysheep_mini,
          hangedman_stone_soup, minmay_misc_feat_tiny
D:13:     layout_gridville, david_vaults_3, serial_shops, nicolae_shop_crystal,
          uniq_erolcha
D:14:     layout_roguey [special_room_mythical_zoo]
D:15:     grunt_enter_depths_snipers, layout_long_grid, minivault_23
Temple:   regret_index_temple_sphere_string
Lair:1:   layout_regular_city
Lair:2:   layout_roguey, minmay_shoals_entry_beasts,
          spider_nest_entry_web_field, basic_altar, uniq_maggie
Lair:3:   layout_regular_city
Lair:4:   layout_roguey, serial_bayou_shore_a
Lair:5:   layout_regular_city, kennysheep_snail_temple, lemuel_fruit_tree,
          infiniplex_staircase_pool_2
Lair:6:   grunt_lair_end_beastmaster, layout_hall_layers,
          nicolae_slime_entry_slimehenge
Shoals:1: gammafunk_the_bubble [the_bubble_gammafunk_grid], layout_shoals,
          hangedman_shoal_volcano
Shoals:2: layout_shoals, serial_shops, nicolae_shop_crystal, shop, shop, shop,
          nicolae_shoals_water_elemental_grotto, uniq_polyphemus, uniq_louise,
          uniq_kirke
Shoals:3: layout_shoals, serial_shops, shop
Shoals:4: shoals_end_simple, layout_shoals, serial_shops, bzr_entry_water
Orc:1:    layout_caves, uniq_harold
Orc:2:    st_orc_mages, layout_diamond_mine
Depths:1: kennysheep_oblong_rooms, layout_gridlike, enter_ziggurat_a,
          hangedman_abyss_or_decor_clamps, grunt_mini_vestibule

Skill      XL: |  1  2  3  4  5  6  7  8  9 10 11 12 13 14 15 16 |
---------------+-------------------------------------------------+-----
Conjurations   | 2 3 4 5 6 10 11 | 11.4
Air Magic      | 1 2 3 4 5 |  5.0
Spellcasting   | 4 5 6 7 8 10 11 12 14 | 14.9
Armour         | 3 4 5 |  5.0
Dodging        | 2 4 6 8 10 | 10.8
Fighting       | 2 4 6 8 10 | 10.8
Evocations     | 4 5 |  5.0
Earth Magic    | 5 |  5.0
Ice Magic      | 4 5 |  5.0
Fire Magic     | 3 5 |  5.0
Shields        | 5 |  5.0
Summonings     | 5 |  5.7
Charms         | 3 |  3.9
Stealth        | |  1.7
Translocations | |  0.8

Action                   |  1- 3 |  4- 6 |  7- 9 | 10-12 | 13-15 | 16-18 || total
-------------------------+-------+-------+-------+-------+-------+-------++-------
Melee: Club              |    18 |       |       |       |       |       ||    18
       Dagger            |     6 |    36 |   184 |   480 |   322 |    28 ||  1056
       Headbutt          |       |       |    13 |    96 |    75 |     7 ||   191
       Quarterstaff      |       |       |     9 |    21 |    48 |       ||    78
       Short sword       |       |       |       |     1 |       |       ||     1
       Staff             |       |       |       |       |     7 |       ||     7
       Mace              |       |       |       |       |       |     2 ||     2
Throw: Dart              |       |    11 |    13 |     7 |     3 |       ||    34
       Stone             |       |     1 |     2 |       |       |       ||     3
 Cast: Magic Dart        |   114 |    82 |   251 |   219 |   169 |    78 ||   913
       Mephitic Cloud    |       |     7 |    27 |   104 |   219 |    37 ||   394
       Stone Arrow       |       |       |       |   274 |   545 |       ||   819
       Blink             |       |       |       |     1 |     7 |     1 ||     9
       Ignite Poison     |       |       |       |     4 |    69 |       ||    73
       Lightning Bolt    |       |       |       |     1 |     2 |       ||     3
       Freezing Cloud    |       |       |       |       |    34 |     2 ||    36
       Airstrike         |       |       |       |       |   117 |       ||   117
       Spellforged Servi |       |       |       |       |     4 |       ||     4
       Conjure Ball Ligh |       |       |       |       |     3 |     8 ||    11
       Iskenderun's Batt |       |       |       |       |     1 |    14 ||    15
Evoke: Wand              |       |       |     8 |    12 |    52 |     4 ||    76
       Lightning rod     |       |       |       |       |    15 |       ||    15
       Phial of floods   |       |       |       |       |     1 |       ||     1
  Use: Scroll            |    11 |     5 |     1 |    13 |    26 |     5 ||    61
       Potion            |       |       |     3 |     1 |    15 |     5 ||    24
 Stab: Sleeping          |     2 |       |     1 |     1 |       |       ||     4
       Confused          |       |       |     8 |    29 |    31 |     5 ||    73
       Paralysed         |       |       |    13 |     4 |    14 |       ||    31
       Betrayed ally     |       |       |       |       |     1 |       ||     1
  Eat: Chunk             |     5 |     6 |    10 |    29 |    33 |       ||    83
       Ration            |       |     3 |       |       |     7 |       ||    10
Armor: Robe              |     9 |    10 |       |       |    40 |    19 ||    78
       Leather armour    |       |       |     3 |       |       |       ||     3
       Ring mail         |       |       |    66 |       |       |       ||    66
       Troll leather arm |       |       |     3 |   214 |   207 |       ||   424
Dodge: Dodged            |    35 |    15 |   148 |   557 |   654 |    49 ||  1458
Block: Buckler           |       |       |       |       |    62 |    23 ||    85
